 Dungeon Crawl Stone Soup version 0.19-a0-1888-g6ba2374 (console) character file.

598 Gottschkopf the Fighter (level 7, -5/70 HPs)
             Began as a Black Draconian Berserker on Oct 17, 2016.
             Was a Believer of Trog.
             Slain by an ogre
             ... wielding a +0 giant spiked club
              (19 damage)
             ... on level 4 of the Dungeon.
             The game lasted 00:06:16 (2868 turns).

Gottschkopf the Fighter (Black Draconian Berserker) Turns: 2868, Time: 00:06:16

Health: -5/70      AC:  7    Str: 21    XL:     7   Next: 17%
Magic:  7/7        EV: 12    Int:  8    God:    Trog [**....]
Gold:   161        SH:  0    Dex: 10    Spells: 0 memorised, 6 levels left

rFire  . . .     SeeInvis .     a - +0 falchion
rCold  . . .     Gourm    .     (armour unavailable)
rNeg   . . .     Faith    .     (no shield)
rPois  .         Spirit   .     (helmet restricted)
rElec  +         Dismiss  .     (no cloak)
rCorr  .         Reflect  .     f - +0 pair of gloves
MR     .....     Harm     .     (no boots)
Stlth  +.........               (no amulet)
                                (no ring)
                                (no ring)

@: exhausted, slowed, very slow
A: breathe lightning, unfitting armour, electricity resistance, cold-blooded, AC
+6
a: Breathe Lightning, Berserk, Trog's Hand, Burn Spellbooks, Renounce Religion


You were on level 4 of the Dungeon.
You worshipped Trog.
Trog was pleased with you.
You were very hungry.

You visited 1 branch of the dungeon, and saw 4 of its levels.

You collected 161 gold pieces.

Inventory:

Hand Weapons
 a - a +0 falchion (weapon)
Armour
 f - a +0 pair of gloves (worn)
Wands
 l - a wand of lightning (8/15)
Scrolls
 e - 3 scrolls of remove curse {unknown}
 g - 3 scrolls of enchant weapon {unknown}
 j - a scroll of fog {unknown}
Potions
 c - 3 potions of brilliance {unknown}
 h - a potion of agility {unknown}
 i - a potion of lignification {unknown}
 k - a potion of heal wounds {unknown}
Comestibles
 b - 4 bread rations
 d - a meat ration
 m - a chunk of flesh


   Skills:
 + Level 9.1 Fighting
 - Level 3.0 Long Blades
 - Level 2.6 Dodging


You had 6 spell levels left.
You didn't know any spells.

Dungeon Overview and Level Annotations

Branches:
Dungeon (4/15)
 Temple: D:4-7

Altars:


Innate Abilities, Weirdness & Mutations

You can breathe wild blasts of lightning.
Your glossy black scales are hard. (AC +6)
You cannot fit into any form of body armour.
You are resistant to electric shocks. (rElec)
You are cold-blooded and may be slowed by cold attacks.


Message History

The gnoll closely misses you.
You hit the gnoll.
The gnoll is moderately wounded.
The gnoll hits you but does no damage.
The phantom blinks!
The gnoll hits you.
* * * LOW HITPOINT WARNING * * *
Okay, then.
You slash the gnoll!
You kill the gnoll!
Trog accepts your kill. The gnoll completely misses you.
The orc throws a tomahawk.
The tomahawk hits you.
* * * LOW HITPOINT WARNING * * *
The gnoll misses you. The ogre misses you.
Some of the chunks of flesh in your inventory have rotted away.
You see here a tomahawk.
Things that are here:
a silver tomahawk; a frilled lizard skeleton The ogre hits you with a giant spiked club!!
You die...

##### ###### #...
..... #..###...##
#..##.....#.
#..#........
##########...........
#...@Og(W)o.$(.....$.
#.########...........
##.# #..#.##.#...
##..# #..#.# .# ..
####.#.## #..... .
#.......# #.##.## ..
#.##...########.##.#
## #
##........(.....#
##.#######.


You could see a phantom, an ogre, a gnoll and an orc.

Vanquished Creatures
  Sigmund (D:2)
  An ogre (D:4)
  A scorpion (D:4)
  3 hounds (D:4)
  A bullfrog skeleton (D:4)
  An orc priest (D:4)
  An orc wizard (D:4)
  6 gnolls (D:4)
  A howler monkey skeleton (D:4)
  3 adders
  A dart slug (D:3)
  A leopard gecko (D:3)
  2 orcs (D:4)
  7 bats
  4 giant cockroaches
  4 goblins
  3 hobgoblins
  3 jackals (D:2)
  3 kobolds
  2 quokkas
  2 ball pythons
  4 frilled lizards
  6 rats
61 creatures vanquished.

Notes
Turn   | Place    | Note
-------+----------+-------------------------------------------
     0 | D:1      | Gottschkopf the Draconian Berserker began the quest for the Orb.
     0 | D:1      | Reached XP level 1. HP: 19/19 MP: 1/1
   349 | D:1      | Reached XP level 2. HP: 14/27 MP: 2/2
   552 | D:1      | Reached skill level 4 in Fighting
  1226 | D:2      | Reached ** piety under Trog
  1226 | D:2      | Reached XP level 3. HP: 34/34 MP: 3/3
  1394 | D:2      | Reached skill level 5 in Fighting
  1448 | D:2      | Noticed Sigmund
  1465 | D:2      | Killed Sigmund
  1465 | D:2      | Reached skill level 6 in Fighting
  1465 | D:2      | Reached XP level 4. HP: 45/45 MP: 4/4
  1465 | D:2      | Reached XP level 5. HP: 51/51 MP: 5/5
  1940 | D:3      | Reached skill level 7 in Fighting
  2127 | D:4      | Noticed an ogre
  2137 | D:4      | Killed an ogre
  2137 | D:4      | Reached XP level 6. HP: 32/61 MP: 6/6
  2293 | D:4      | Reached skill level 8 in Fighting
  2846 | D:4      | Your scales start taking on a glossy black colour.
  2846 | D:4      | Reached XP level 7. HP: 28/69 MP: 7/7
  2846 | D:4      | Gained mutation: You are resistant to electric shocks. (rElec) [Black Draconian growth]
  2852 | D:4      | Reached skill level 9 in Fighting
  2868 | D:4      | Slain by an ogre

Vault maps used:
D:1:      dpeg_arrival_subterranean_lakeside_camping
D:2:      uniq_sigmund
D:3:      first_bread
D:4:      minmay_wonky_spiral

Skill      XL: |  1  2  3  4  5  6  7 |
---------------+----------------------+-----
Fighting       | 4 6 7 8 9 |  9.1
Long Blades    | |  3.0
Dodging        | |  2.6

Action                   |  1- 3 |  4- 6 |  7- 9 || total
-------------------------+-------+-------+-------++-------
Melee: Falchion          |   115 |    97 |    17 ||   229
       Tailslap          |    10 |    18 |     2 ||    30
Invok: Berserk           |     2 |     2 |       ||     4
 Stab: Sleeping          |       |     1 |       ||     1
  Eat: Chunk             |     3 |     6 |       ||     9
Armor: Skin              |    33 |    23 |     6 ||    62
Dodge: Dodged            |    77 |    59 |    12 ||   148
       Rpst.: Falchion   |    23 |    21 |     1 ||    45
